Map: 이터널 엠파이어 - 래더

Players

Solar

  • Race: Zerg Zerg
  • Spawn Location: 7:00

Denver - Winner!

  • Race: Zerg Zerg
  • Spawn Location: 1:00

Event: StayAtHomestory Cup #2

VOD

Have the link to the VOD?

Description

Time

  • Played on: June 12, 2020, 9:31 a.m.
  • Length: 4:00

All games in this series

Show
View Real Time Build Order
Export as new Build Order

Solar Zerg 

Build Orders: Hatch First 

Get SALT Encoding   

  12  0:02  Drone  
  13  0:12  Overlord  
  13  0:17  Drone  
  14  0:31  Drone x2  
  16  0:48  Hatchery  
  15  0:51  Drone  
  15  0:54  Drone  
  17  0:58  Drone  
  18  1:09  Extractor  
  17  1:13  Spawning Pool  
  17  1:16  Drone  
  17  1:19  Drone  
  18  1:28  Drone  
  19  1:40  Drone  
  20  1:50  Drone  
  21  2:01  Queen x2  
  21  2:02  Overlord  
  21  2:04  Drone  
  26  2:09  Metabolic Boost  
  26  2:11  Drone x2  
  28  2:21  Drone  
  28  2:22  Drone  
  30  2:33  Hatchery  
  30  2:35  Zergling x2  
  30  2:37  Drone  
  30  2:43  Drone  
  32  2:48  Overlord  
  32  2:53  Baneling Nest  
  32  2:55  Drone x2  
  33  3:05  Drone x2  
  33  3:10  Zergling x2  
  33  3:11  Drone x2  
  33  3:12  Drone  
  39  3:13  Drone x2  
  41  3:20  Zergling x2, Overlord  
  41  3:26  Extractor  
  41  3:30  Drone x2  
  43  3:37  Baneling x2  
  43  3:42  Zergling x12  
Show
View Real Time Build Order
Export as new Build Order

Denver Zerg - Winner!

Build Orders: Hatch First 

Get SALT Encoding   

  12  0:01  Drone  
  13  0:12  Overlord  
  13  0:17  Drone  
  14  0:31  Drone x2  
  16  0:48  Hatchery  
  15  0:53  Drone  
  15  0:55  Drone  
  17  0:59  Drone  
  18  1:10  Extractor  
  17  1:14  Spawning Pool  
  17  1:18  Drone  
  17  1:22  Drone  
  18  1:29  Drone  
  19  1:39  Drone  
  20  1:49  Drone  
  21  2:01  Queen x2, Overlord  
  21  2:02  Zergling x2  
  26  2:11  Metabolic Boost  
  26  2:12  Drone  
  26  2:13  Drone  
  28  2:22  Zergling x2  
  29  2:23  Drone  
  30  2:35  Baneling Nest  
  29  2:40  Hatchery  
  28  2:45  Zergling x2  
  28  2:46  Zergling x2  
  28  2:51  Zergling x4  
  32  2:54  Zergling x2  
  33  2:59  Overlord  
  33  3:05  Zergling x4  
  35  3:11  Zergling x2  
  36  3:19  Zergling x8  
  40  3:24  Baneling  
  40  3:25  Baneling  
  40  3:28  Zergling x4  
  40  3:29  Zergling x2  
  43  3:35  Overlord  
  43  3:39  Drone  
  44  3:41  Baneling x3  
  44  3:43  Baneling  
Tags
 
Add a new tag
Caveats
  • Supply blocks, unpowered buildings, or Contaminate may cause inaccurate times.
  • Supply counts are checked every 10 seconds.